 Dungeon Crawl Stone Soup version 0.18.1-8-gdd0e5ea (webtiles) character file.

100 juanjsm the Sneak (level 4, -5/21 HPs)
             Began as a Spriggan Enchanter on June 7, 2016.
             Killed by divine providence
             ... invoked by an orc priest
              (14 damage)
             ... on level 3 of the Dungeon.
             The game lasted 00:06:34 (1434 turns).

juanjsm the Sneak (Spriggan Enchanter)              Turns: 1434, Time: 00:06:35

Health: -5/21      AC:  3    Str:  4    XL:     4   Next: 46%
Magic:  6/9        EV: 19    Int: 17    God:
Gold:   67         SH:  0    Dex: 16    Spells: 4 memorised, 0 levels left

rFire  . . .     SeeInvis +     h - +0 dagger (venom)
rCold  . . .     Gourm    .     b - +1 robe
rNeg   . . .     Faith    .     (shield restricted)
rPois  .         Spirit   .     (helmet restricted)
rElec  .         Dismiss  .     (no cloak)
rCorr  .         Reflect  .     (gloves unavailable)
SustAt .         Harm     .     (boots unavailable)
MR     .....                    (no amulet)
Stlth  ++++......               (no ring)
                                (no ring)

@: very slightly contaminated, hasted, very quick, not resistant to hostile
enchantments, stealthy
A: unfitting armour, see invisible, herbivore 3, speed 3, slow metabolism 2
a: no special abilities


You were on level 3 of the Dungeon.
You were not hungry.

You visited 1 branch of the dungeon, and saw 5 of its levels.

You collected 67 gold pieces.

Inventory:

Hand Weapons
 a - a +1 dagger
 h - a +0 dagger of venom (weapon)
Armour
 b - a +1 robe (worn)
Scrolls
 f - a scroll of fear {unknown}
 g - 4 scrolls of identify {unknown}
 i - a scroll of recharging {unknown}
 j - 2 scrolls of fog {unknown}
 n - a scroll of remove curse {unknown}
 o - a scroll of immolation {unknown}
 r - a scroll of amnesia {unknown}
 s - a scroll of noise {unknown}
Potions
 e - a potion of mutation {unknown}
 l - a potion of haste
 m - a potion of degeneration {unknown}
 q - a potion of curing
Books
 c - a book of Maledictions

   Spells                             Type                      Level
   a - Corona                         Hexes                        1
   b - Ensorcelled Hibernation        Hexes/Ice                    2
   c - Confuse                        Hexes                        3
   d - Tukima's Dance                 Hexes                        3
   e - Dazzling Spray                 Conjuration/Hexes            3
Comestibles
 d - a bread ration
 k - 2 fruits
 p - a royal jelly


   Skills:
 + Level 0.2 Fighting
 * Level 1.3 Short Blades
 + Level 4.0 Dodging
 + Level 5.8 Stealth
 + Level 3.1 Spellcasting
 + Level 4.2 Hexes
 + Level 1.0 Ice Magic


You couldn't memorise any spells.
You knew the following spells:

 Your Spells              Type           Power        Failure   Level  Hunger
a - Corona                Hex            ###....      2%          1    None
b - Ensorcelled Hibernat  Hex/Ice        ##....       12%         2    ##.....
c - Confuse               Hex            ###.....     10%         3    ###....
d - Dazzling Spray        Conj/Hex       #.......     24%         3    ###....


Dungeon Overview and Level Annotations

Branches:
Dungeon (5/15)
 Temple: D:4-7

Altars:

Annotations:
D:3 Jessica; mrath's ghost, weakling TrWr


Innate Abilities, Weirdness & Mutations

You are tiny and cannot use many weapons and most armour.
You have supernaturally acute eyesight.
You are a herbivore.
You cover ground extremely quickly.
You need consume almost no food.


Message History

The orc throws a poisoned tomahawk.
The poisoned tomahawk hits you but does no damage.
You are lethally poisoned!
* * * LOW HITPOINT WARNING * * *
You feel sick.
Drink which item? (? for menu, Esc to quit)
It was a potion of haste.
You feel yourself speed up.
* * * LOW HITPOINT WARNING * * *
You feel sick.
You are very lightly contaminated with residual magic.
Drink which item? (? for menu, Esc to quit)
It was a potion of curing.
You feel better.
Found a slice of pizza.
An orc priest comes into view.
The orc priest shouts!
The orc shouts!
An orc comes into view. It is wielding a club.
The orc priest calls down the wrath of Beogh upon you.
Beogh smites you!
Ouch! That really hurt!
You die...

#.# #.# .# #.###
#..#.# #... %...#
####..# ###..###
..#.%###.oo...
######.#.......#.##
#.....<#..........#
...###...........#.##
........@.......#..#
.#######........#..#
..............#..##
#######.......#...#
#...†...#.#.##
##.....##.#..#
#........##.##
#......## #..#
#......# ##o#


You could see an orc priest and an orc.

Vanquished Creatures
  Ijyb (D:2)
  A worker ant (D:5)
  An adder (D:2)
  A worm (D:2)
  A dart slug (D:1)
  An orc (D:4)
  3 giant cockroaches (D:1)
  4 goblins
  7 hobgoblins
  2 jackals (D:4)
  4 kobolds (D:1)
  3 bats
  3 giant newts
  5 rats (D:1)
37 creatures vanquished.

Notes
Turn   | Place    | Note
--------------------------------------------------------------
     0 | D:1      | juanjsm the Spriggan Enchanter began the quest for the Orb.
     0 | D:1      | Reached XP level 1. HP: 9/9 MP: 5/5
   202 | D:1      | Reached XP level 2. HP: 11/13 MP: 4/6
   239 | D:1      | Learned a level 2 spell: Ensorcelled Hibernation
   364 | D:3      | Noticed Jessica
   364 | D:3      | Noticed mrath's ghost (weakling TrWr)
   554 | D:2      | Noticed Ijyb
   562 | D:2      | Killed Ijyb
   562 | D:2      | Reached skill level 5 in Stealth
   562 | D:2      | Reached XP level 3. HP: 16/16 MP: 0/8
  1186 | D:2      | Reached XP level 4. HP: 21/21 MP: 9/9
  1191 | D:2      | Learned a level 3 spell: Confuse
  1195 | D:2      | Learned a level 3 spell: Dazzling Spray
  1247 | D:3      | You fall through a shaft for 2 floors!
  1247 | D:5      | Entered Level 5 of the Dungeon
  1340 | D:5      | Reached skill level 1 in Ice Magic
  1434 | D:3      | Killed from afar by an orc priest

Skill      XL: |  1  2  3  4 |
---------------+-------------+-----
Stealth        | 5 |  5.8
Hexes          | 4 |  4.2
Spellcasting   | 3 |  3.1
Dodging        | 4 |  4.0
Ice Magic      | 1 |  1.0
Fighting       | |  0.2
Short Blades   | |  1.3

Action                   |  1- 3 |  4- 6 || total
-------------------------+-------+-------++-------
Melee: Dagger            |    79 |     5 ||    84
 Cast: Corona            |     8 |       ||     8
       Ensorcelled Hiber |    10 |     5 ||    15
  Use: Potion            |       |     2 ||     2
 Stab: Sleeping          |    18 |     5 ||    23
Armor: Robe              |     6 |       ||     6
Dodge: Dodged            |    59 |    12 ||    71
